 Dungeon Crawl Stone Soup version 0.32-a0-953-g508020473e (webtiles) character file.

Game seed: 385859597510585015

98 Maxmaps the Cudgeller (level 4, 0/48 HPs)
             Began as an Oni Monk on Apr 16, 2024.
             Slain by an iguana (6 damage)
             ... on level 4 of the Dungeon.
             The game lasted 00:01:39 (2667 turns).

Maxmaps the Cudgeller (Oni Monk)                    Turns: 2667, Time: 00:01:40

Health: 0/48       AC:  3    Str: 15    XL:     4   Next: 69%
Magic:  4/4        EV:  9    Int: 13    God:
Gold:   183        SH:  0    Dex: 11    Spells: 3/3 levels left

rFire   . . .        i - +0 flail
rCold   . . .        d - orb {light}
rNeg    . . .        b - +0 robe
rPois   .            (helmet restricted)
rElec   .            (no cloak)
rCorr   .            (gloves unavailable)
SInv    .            (boots unavailable)
Will    .....        (no amulet)
Stlth   +            (no ring)
HPRegen 0.28/turn    (no ring)
MPRegen 0.09/turn

%: no passive effects
@: glowing
A: large, unfitting armour, horns 1, tough skin 1, double potion healing,
drunken brawling
a: no special abilities


You were on level 4 of the Dungeon.
You visited 1 branch of the dungeon, and saw 4 of its levels.

You collected 183 gold pieces.

Inventory:

Hand Weapons
 g - a +0 whip
 i - a +0 flail (weapon)
Armour
 b - a +0 robe (worn)
 d - an orb of light (worn)
Jewellery
 m - a ring of wizardry
Scrolls
 a - a scroll of vulnerability {unknown}
 f - a scroll of brand weapon {unknown}
 h - 5 scrolls of identify {unknown}
 j - a scroll of immolation {unknown}
 p - a scroll of revelation {unknown}
 q - a scroll of amnesia {unknown}
Potions
 c - a potion of ambrosia
 e - 2 potions of might {unknown}
 k - 2 potions of heal wounds {unknown}
 l - a potion of haste {unknown}
 n - 2 potions of brilliance {unknown}
 o - 2 potions of cancellation {unknown}


   Skills:
 - Level 4.0 Fighting
 + Level 5.3 Maces & Flails
 - Level 2.6 Dodging


You had 3 spell levels left.
You didn't know any spells.
Your spell library was empty.

Dungeon Overview and Level Annotations

Branches:
Dungeon (4/15)
 Temple: D:4-7

Altars:
Qazlal
Vehumet

Shops:
D:3 *


Innate Abilities, Weirdness & Mutations

You are too large for most types of armour.
You have a pair of small horns on your head.
You have tough skin. (AC +1)
You gain doubled healing and magic from potions.
Whenever you drink a healing potion, you attack all around you.


Message History

No target in view!
No target in view!
Found a stone staircase leading down.
There is a stone staircase leading down here.
Key pressed, stopping explore.
No target in view!
A hobgoblin comes into view.
The hobgoblin shouts!
The hobgoblin moves out of view.
No target in view!
An iguana comes into view.
The iguana hisses angrily.
The iguana moves out of view.
The iguana bites you!
You hit the iguana but do no damage. The iguana bites you!
You barely miss the iguana. The iguana barely misses you.
You barely miss the iguana. The iguana barely misses you.
You hit the iguana but do no damage. You headbutt the iguana.
The iguana is lightly wounded.
The iguana closely misses you.
You hit the iguana but do no damage.
The iguana is lightly wounded.
The iguana bites you.
You barely miss the iguana. You headbutt the iguana.
The iguana is moderately wounded.
The iguana bites you! x2
* * * LOW HITPOINT WARNING * * *
You are too injured to fight recklessly!
You are too injured to fight recklessly!
There are monsters nearby!
There are monsters nearby!
You are too injured to fight recklessly!
You are too injured to fight recklessly!
You hit the iguana.
The iguana is moderately wounded.
The iguana barely misses you.
You hit the iguana but do no damage.
The iguana is moderately wounded.
The iguana bites you.
You die...

####....####.#.#
####..###.."##
##.#########
#...#####..
###.#####.# #
#...#####.. ####.
##.#########
#.....##..###...##
#....gl@.### .#.#
+.....#####...#..B
#.... ##..### #..
#### .## #. .# .#
.#


You could see an iguana and a hobgoblin.

Vanquished Creatures
  A jelly (D:3)
  A gnoll (D:1)
  A ribbon worm (D:4)
  A dart slug (D:1)
  An endoplasm (D:2)
  2 giant cockroaches
  8 hobgoblins
  7 jackals
  6 kobolds
  2 quokkas
  4 ball pythons
  3 bats
  2 frilled lizards (D:1)
  5 goblins
  7 rats
51 creatures vanquished.

Notes
Turn   | Place    | Note
-------+----------+-------------------------------------------
     0 | D:1      | Maxmaps the Oni Monk began the quest for the Orb.
     0 | D:1      | Reached XP level 1. HP: 24/24 MP: 1/1
    39 | D:1      | Reached XP level 2. HP: 29/32 MP: 2/2
   131 | D:1      | Reached skill level 4 in Maces & Flails
   395 | D:1      | Reached XP level 3. HP: 39/39 MP: 3/3
   646 | D:1      | Found a faded altar of an unknown god.
  2003 | D:3      | Found a stormy altar of Qazlal.
  2003 | D:3      | Found a radiant altar of Vehumet.
  2057 | D:3      | Reached skill level 5 in Maces & Flails
  2057 | D:3      | Reached XP level 4. HP: 29/48 MP: 4/4
  2258 | D:3      | Found Fipnenke's Assorted Antiques.
  2667 | D:4      | Slain by an iguana

Illustrated notes

Levels and vault maps discovered:
D:1:      roderic_chinese_lattice_arrival, layout_basic,
          nicolae_ecumenical_lake_church, serial_corexii_hall,
          corexii_hall_statues_deadend, corexii_hall_statues_x,
          corexii_hall_statues_deadend, chequers_hall_statues_corner_a,
          minmay_heptomino_d4
D:2:      layout_loops_ring
D:3:      layout_basic, gammafunk_temple_overflow_wave, serial_shops, shop,
          chequers_big_river, kennysheep_big_empty_room
D:4:      layout_basic, minmay_temple_entry_proselytizer,
          serial_co_window_serial, co_window_paths_a, co_window_corner_a,
          co_window_of_opportunity_a, co_window_paths_a, co_window_corner_a,
          co_window_corner_ca, co_window_unsneaky_path_c, co_window_cross_3,
          co_window_corner_b, co_window_paths_c, co_window_sun,
          co_window_paths_e, glass_columns_b, glass_columns_a, glass_columns_a

Skill      XL: |  1  2  3 |
---------------+----------+-----
Maces & Flails | 4 5 |  5.3
Fighting       | |  4.0
Dodging        | |  2.6

Action                     |  1- 3 |  4- 6 || total
---------------------------+-------+-------++-------
  Melee: Mace              |    10 |       ||    10
         Headbutt          |    15 |     5 ||    20
         Flail             |    65 |    29 ||    94
         Whip              |     6 |       ||     6
 Armour: Robe              |    51 |    24 ||    75
  Dodge: Dodged            |    36 |    18 ||    54

Table legend: (Time is in decaauts)
 A = Elapsed time spent in this place.
 B = Non-inter-level travel time spent in this place.
 C = Inter-level travel time spent in this place.
 D = Time resting spent in this place.
 E = Time spent auto-exploring this place.
 F = Levels seen in this place.
 G = Mean time per level.
                   A        B        C        D        E       F      G
               +--------+--------+--------+--------+--------+-----+--------+
         Total |   2682 |   2634 |     48 |      0 |   2332 |   4 |  670.5 |
       Dungeon |   2682 |   2634 |     48 |      0 |   2332 |   4 |  670.5 |
               +--------+--------+--------+--------+--------+-----+--------+

Top non-repeatable levels by time:
     D:1: 1056 daAuts
     D:3: 814 daAuts
     D:2: 663 daAuts
     D:4: 147 daAuts
